cohdb
Replays
Latest Replays
All Replays
Popular Replays
Top Player Replays
Match Explorer
How It Works
Community
CoH3 Stats
Reddit
Sign in to upload your games and track your stats! →
Sign in with Steam
Match 41353243
Unlisted
Match 41353243
Overview
Messages
Build Orders
End
Royal Engineer Section
Selects Canadian Shock Battlegroup
Construct Section Command Post
Vickers Machine Gun Team
ML 3-inch Mortar Team
Dingo Light Scout Car
Selects Incendiary Munitions
Infantry Section
Construct Platoon Command Post
6-pounder Anti-tank Gun Team
CMP 15cwt Truck
Selects Pyrotechnics
Light Vehicle Training
Selects Offensive Resupply
Infantry Section
CMP 15cwt Truck
Infantry Section
6-pounder Anti-tank Gun Team
Grenade Package
Unlock M3 Stuart Light Tanks
Selects Churchill Crocodile Heavy Tank
Royal Engineer Section
Royal Engineer Section
Churchill Crocodile Heavy Tank
Particycles
自由开火
concrusher
aoligeigei
KeineZeit
NA
0
0
Comments
sign in to comment!
No comments posted yet!